 Dungeon Crawl Stone Soup version 0.17-a0-1093-g0b3cd89 (webtiles) character file.

659 AnnoyedKobold the Covert (level 7, 0/40 HPs)
             Began as a Kobold Assassin on May 20, 2015.
             Was an Initiate of Makhleb.
             Slain by a jackal (2 damage)
             ... on level 5 of the Dungeon.
             The game lasted 00:21:40 (5970 turns).

AnnoyedKobold the Covert (Kobold Assassin)          Turns: 5970, Time: 00:21:40

Health: 0/40       AC:  5    Str: 11    XL:     7   Next: 86%
Magic:  7/7        EV: 20    Int:  9    God:    Makhleb [......]
Gold:   222        SH:  0    Dex: 20    Spells: 0 memorised, 6 levels left

rFire  + . .     SeeInvis .     a - +2 dagger
rCold  . . .     Clarity  .     l - +1 leather armour {rPois}
rNeg   . . .     SustAb   .     (shield restricted)
rPois  +         Gourm    .     (no helmet)
rElec  .         Spirit   .     d - +0 cloak
rCorr  .         Warding  .     (no gloves)
rMut   .         Stasis   .     (no boots)
MR     .....                    (no amulet)
Stlth  ++++......               x - ring of protection from fire
                                m - +2 ring of strength

@: drained, not resistant to hostile enchantments, stealthy
A: carnivore 3
a: Renounce Religion


You were on level 5 of the Dungeon.
You worshipped Makhleb.
Makhleb was noncommittal.
You were full.

You visited 1 branch of the dungeon, and saw 5 of its levels.

You collected 222 gold pieces.

Inventory:

Hand weapons
 a - a +2 dagger (weapon)
 b - a +0 blowgun
 f - a +2 dagger of draining
Missiles
 e - 36 poisoned needles
 y - 17 stones (quivered)
Armour
 c - a +0 robe
 d - a +0 cloak (worn)
 l - a +1 leather armour of poison resistance (worn)
Jewellery
 m - a +2 ring of strength (left hand)
 x - a ring of protection from fire (right hand)
Magical devices
 r - a wand of enslavement (13)
Scrolls
 j - a scroll of amnesia {unknown}
 k - 3 scrolls of enchant armour {unknown}
 n - a scroll of fog {unknown}
 o - a scroll of remove curse {unknown}
 s - 2 scrolls of blinking {unknown}
 t - a scroll of identify
 u - a scroll of fear {unknown}
Potions
 h - a potion of flight
 p - a potion of agility
 q - a potion of curing
 w - 2 potions of magic {unknown}
Comestibles
 g - 2 meat rations
 i - 2 royal jellies
 v - a beef jerky


   Skills:
 - Level 2.1(1.7) Fighting
 - Level 2.6(2.2) Throwing
 + Level 7.7(7.2) Dodging
 + Level 8.6(8.1) Stealth


You had 6 spell levels left.
You didn't know any spells.

Dungeon Overview and Level Annotations

Branches:
Dungeon (5/15)
 Temple: D:4-7

Altars:
Makhleb

Annotations:
D:4 Robin; Sigmund; tinkerttoy's ghost, average MfGl


Innate Abilities, Weirdness & Mutations

You are small and have problems with some larger weapons.
You are carnivorous and can eat meat at any time.


Message History

The orc priest looks braver.
You open the door. The jackal closely misses you. The orc barely misses you.
The jackal misses you.
There is an open door here.
The orc shouts noisily.
The jackal bites you but does no damage.
There is a shaft here.
The jackal closely misses you.
The jackal falls through a shaft!
The shaft crumbles and collapses.
The jackal completely misses you. The jackal closely misses you.
The jackal barely misses you. The jackal misses you.
The orc priest calls down the wrath of Beogh upon you.
Something smites you!
* * * LOW HITPOINT WARNING * * *
There is an open door here.
The jackal closely misses you.
The jackal bites you but does no damage.
The jackal bites you.
You die...

..............#..#
.###+##.......#..#
.##..##.......#..#
.#....#.......#..#
.#....'.......#..#
.#....#.......#..#
.'....#.......#..#
.#....#.......#..#
.#....#.......#.@#
.#....#.......#.h#
.##...#.......#.o#
.##...#.......#..#
......#.......#.o#
......#.......#..#
......#.......#..#
......#......o'..#
......#......[#..#


You could see 2 orcs and a jackal.

Vanquished Creatures
  A sky beast (D:5)
  The ghost of AnnoyedKobold the Ducker, an average SpEn (D:3)
  3 hounds
  2 orc wizards
  Ijyb (D:2)
  3 worker ants (D:4)
  A hound skeleton (D:4)
  4 gnolls
  5 adders
  A shadow imp (D:5)
  2 oozes
  A worm (D:2)
  An adder skeleton (D:5)
  4 giant geckos
  11 orcs
  12 bats
  5 giant cockroaches
  14 hobgoblins
  3 quokkas
  4 ball pythons
  12 giant newts
  11 goblins
  3 jackals (D:1)
  A jackal skeleton (D:5)
  13 kobolds
  5 rats
124 creatures vanquished.

Notes
Turn   | Place    | Note
--------------------------------------------------------------
     0 | D:1      | AnnoyedKobold the Kobold Assassin began the quest for the Orb.
     0 | D:1      | Reached XP level 1. HP: 12/12 MP: 1/1
   453 | D:1      | Reached XP level 2. HP: 17/17 MP: 2/2
  1018 | D:1      | Reached XP level 3. HP: 21/21 MP: 3/3
  1565 | D:2      | Noticed Ijyb
  1632 | D:2      | Killed Ijyb
  1632 | D:2      | Reached XP level 4. HP: 14/26 MP: 4/4
  1969 | D:2      | Reached skill level 5 in Dodging
  2130 | D:2      | Reached XP level 5. HP: 30/30 MP: 5/5
  2555 | D:3      | Noticed AnnoyedKobold's ghost (average SpEn)
  2583 | D:3      | Killed AnnoyedKobold's ghost
  2583 | D:3      | Reached skill level 6 in Stealth
  2588 | D:3      | Reached XP level 6. HP: 30/35 MP: 6/6
  3783 | D:4      | Reached skill level 7 in Stealth
  4298 | D:4      | Noticed Robin
  4374 | D:4      | Reached XP level 7. HP: 33/40 MP: 7/7
  4538 | D:4      | Noticed tinkerttoy's ghost (average MfGl)
  4705 | D:4      | Found a burning altar of Makhleb.
  4738 | D:4      | Noticed a balrug
  4742 | D:4      | Noticed a smoke demon
  4742 | D:4      | Noticed an orange demon
  4744 | D:4      | Became a worshipper of Makhleb the Destroyer
  4823 | D:4      | Noticed Sigmund
  5067 | D:4      | Reached skill level 8 in Stealth
  5072 | D:5      | Entered Level 5 of the Dungeon
  5963 | D:5      | HP: 1/40 [orc priest/divine providence (13)]
  5970 | D:5      | Slain by a jackal

Vault maps used:
D:1:      lemuel_arrival_rhombus, minmay_close_crescents
D:2:      minmay_lizard_king, uniq_iyjb
D:3:      first_bread, minmay_shallow_snake_nest
D:4:      makhleb_altar_promises_db, uniq_sigmund, uniq_robin, uniq_eustachio
D:5:      minmay_fire_ice_demons

Action                   |  1- 3 |  4- 6 |  7- 9 || total
-------------------------+-------+-------+-------++-------
Melee: Dagger            |   173 |   201 |   117 ||   491
 Fire: Blowgun           |     7 |    34 |     7 ||    48
  Use: Potion            |     5 |     1 |       ||     6
       Scroll            |     2 |     2 |     1 ||     5
 Stab: Sleeping          |    11 |    12 |     6 ||    29
       Distracted        |       |     2 |       ||     2
  Eat: Chunk             |    10 |     9 |     3 ||    22
